 Dungeon Crawl Stone Soup version 0.27-a0-1612-gde56a17b89 (webtiles) character file.

Game seed: 13175337533684067525

642 pokeman the Magician (level 7, 0/40 HPs)
             Began as a Deep Elf Hedge Wizard on July 21, 2021.
             Slain by an ice beast (5 damage)
             ... on level 5 of the Dungeon.
             The game lasted 00:10:47 (6221 turns).

pokeman the Magician (Deep Elf Hedge Wizard)        Turns: 6221, Time: 00:10:48

Health: 0/40       AC:  3    Str:  7    XL:     7   Next: 26%
Magic:  9/20       EV: 12    Int: 21    God:
Gold:   186        SH:  0    Dex: 14    Spells: 10/21 levels left

rFire    + . .     SeeInvis .   h - +0 dagger (drain)
rCold    . . .     Faith    .   (no shield)
rNeg     + . .     Spirit   .   d - +0 leather armour
rPois    .         Reflect  .   c - +0 hat
rElec    .         Harm     .   (no cloak)
rCorr    .         Rampage  .   (no gloves)
Will     .....                  (no boots)
Stlth    ++........             (no amulet)
HPRegen  0.13/turn              i - ring of positive energy
MPRegen  0.17/turn              s - ring of protection from fire

@: no status effects
A: no striking features
a: no special abilities


You were on level 5 of the Dungeon.
You visited 1 branch of the dungeon, and saw 5 of its levels.

You collected 186 gold pieces.

Inventory:

Hand Weapons
 h - a +0 dagger of draining (weapon)
Missiles
 r - 19 bolts
 u - 16 arrows
Armour
 c - a +0 hat (worn)
 d - a +0 leather armour (worn)
 k - +0 swamp dragon scales
Jewellery
 b - a ring of positive energy
 i - a ring of positive energy (left hand)
 s - a ring of protection from fire (right hand)
Scrolls
 a - a scroll of silence {unknown}
 e - 3 scrolls of teleportation {unknown}
 f - a scroll of blinking {unknown}
 g - a scroll of acquirement {unknown}
 m - a scroll of magic mapping {unknown}
 n - 2 scrolls of noise {unknown}
 o - 8 scrolls of identify {unknown}
Potions
 j - a potion of degeneration {unknown}
 l - a potion of flight {unknown}
 p - 2 potions of cancellation {unknown}
 q - 2 potions of ambrosia {unknown}
 t - 2 potions of brilliance {unknown}
 v - a potion of lignification {unknown}


   Skills:
 - Level 2.0 Fighting
 + Level 1.0 Armour
 - Level 3.0 Dodging
 - Level 3.0 Stealth
 * Level 7.9 Spellcasting
 + Level 3.8 Conjurations
 - Level 1.1 Summonings
 - Level 1.1 Translocations
 + Level 2.4 Fire Magic
 - Level 1.0 Air Magic
 - Level 1.0 Poison Magic


You had 10 spell levels left.
You knew the following spells:

 Your Spells              Type           Power      Damage    Failure   Level
a - Magic Dart            Conj           96%        1d7       2%          1
b - Mephitic Cloud        Conj/Pois/Air  16%        N/A       16%         3
c - Call Imp              Summ           12%        N/A       11%         2
d - Blink                 Tloc           N/A        N/A       11%         2
e - Conjure Flame         Conj/Fire      21%        6-21      10%         3

Your spell library contained the following spells:

 Spells                   Type           Power      Damage    Failure   Level
 Sting                    Tmut/Pois      40%        1d5       10%         1
 Poisonous Vapours        Pois/Air       24%        N/A       12%         2
 Slow                     Hex            8%         N/A       19%         2
 Olgreb's Toxic Radiance  Pois           12%        N/A       58%         4
 Alistair's Intoxication  Tmut/Pois      6%         N/A       95%         5
 Borgnjor's Vile Clutch   Necr/Erth      4%         N/A       97%         5
 Eringya's Noxious Bog    Tmut/Pois      5%         N/A       100%        6


Dungeon Overview and Level Annotations

Branches:
Dungeon (5/15)
 Temple: D:4-7

Altars:
Ashenzari


Message History

Unknown command.
Unknown command.
You barely miss the orc.
The orc is lightly wounded.
The orc is engulfed in noxious fumes.
The orc appears confused.
The orc misses you.
Your white imp hits the orc.
The orc dies!
Unknown command.
You hit the orc. You drain the orc.
The orc is heavily wounded.
Unknown command.
You completely miss the orc.
The orc is heavily wounded.
Unknown command.
Your white imp gestures at the orc.
The puff of frost hits the orc!
The orc dies!
Your white imp hits the ice beast but does no damage.
Your white imp disappears in a puff of smoke!
Found 19 sling bullets.
Found a scroll labelled DOZ OCUPEFIUTA.
There's nothing to close nearby.
You open the door.
Found a broken altar of Ashenzari.
Found an escape hatch in the floor.
The hound completely misses you. The hound bites you.
* * * LOW HITPOINT WARNING * * *
There is an open door here.
Casting: Mephitic Cloud (dangerous; 16% risk of failure)
Confirm with . or Enter, or press ? or * to list all spells.
You blink.
The hound misses you. The hound closely misses you.
Casting: Blink (safe; 11% risk of failure)
Confirm with . or Enter, or press ? or * to list all spells.
You blink.
The hound bites you.
* * * LOW HITPOINT WARNING * * *
The ice beast hits you.
* * * LOW HITPOINT WARNING * * *
The ice beast freezes you.
You die...

#Y###..###.............
#.###...........(....#
#..###..#...........# #
#..#####............#
###..5.# #...........###.
.#h...Y###.........?##...
........###.............#
........# ###..#Y...#####
..##############@.### .##
##...##§h..# .# #...#
###### .# #..## .## #..#
..# ###..# ..####....##
..##.......####
.....##.......#


You could see an ice beast and a hound.

Vanquished Creatures
  Edmund (D:4)
  2 scorpions (D:4)
  A gnoll shaman (D:4)
  A hound (D:4)
  4 orc priests (D:4)
  An orc wizard (D:4)
  4 gnolls
  4 adders
  2 worms (D:2)
  A dart slug (D:1)
  3 orcs
  8 endoplasms
  9 giant cockroaches
  8 goblins
  9 hobgoblins
  22 jackals
  6 kobolds
  2 quokkas
  9 ball pythons
  6 bats
  2 frilled lizards
  4 rats
109 creatures vanquished.

Vanquished Creatures (collateral kills)
  An orc wizard (D:4)
  A gnoll (D:4)
  4 orcs
6 creatures vanquished.

Grand Total: 115 creatures vanquished

Notes
Turn   | Place    | Note
-------+----------+-------------------------------------------
     0 | D:1      | pokeman the Deep Elf Hedge Wizard began the quest for the
                  | Orb.
     0 | D:1      | Reached XP level 1. HP: 10/10 MP: 7/7
   231 | D:1      | Reached XP level 2. HP: 7/15 MP: 2/9
   721 | D:1      | Reached skill level 5 in Spellcasting
   861 | D:1      | Reached XP level 3. HP: 20/20 MP: 4/11
   865 | D:1      | Learned a level 3 spell: Mephitic Cloud
   868 | D:1      | Learned a level 2 spell: Call Imp
   878 | D:1      | Learned a level 2 spell: Blink
   882 | D:1      | Learned a level 3 spell: Conjure Flame
  1346 | D:1      | Reached skill level 1 in Fighting
  1346 | D:1      | Reached skill level 1 in Armour
  1863 | D:2      | Reached XP level 4. HP: 25/25 MP: 6/13
  2344 | D:2      | Reached skill level 1 in Fire Magic
  3590 | D:3      | Reached XP level 5. HP: 29/29 MP: 11/15
  3630 | D:3      | Reached skill level 6 in Spellcasting
  3937 | D:4      | Reached skill level 1 in Air Magic
  4484 | D:4      | Reached skill level 1 in Poison Magic
  4484 | D:4      | Reached XP level 6. HP: 19/34 MP: 8/17
  4774 | D:4      | Reached skill level 7 in Spellcasting
  5218 | D:4      | Noticed Edmund
  5259 | D:4      | Killed Edmund
  5260 | D:4      | Reached XP level 7. HP: 25/39 MP: 5/20
  6070 | D:5      | Entered Level 5 of the Dungeon
  6211 | D:5      | Found a broken altar of Ashenzari.
  6221 | D:5      | Slain by an ice beast

Illustrated notes

Levels and vault maps discovered:
D:1:      dpeg_arrival_round_b, layout_loops_ring
D:2:      layout_loops_ring, amcnicky_mini_rare_corridor_liquid,
          minmay_statues_item, chequers_decorated_corner
D:3:      layout_basic
D:4:      layout_loops_ring, st_stairs_11, uniq_edmund
D:5:      layout_layer_cave, nemelex_dance_club_becter, general_overflow_altar,
          kennysheep_ying_yang, portal_sewer_entry_d, minmay_shop_mayhem,
          guppyfry_early_orc_mine, uniq_eustachio

Skill      XL: |  1  2  3  4  5  6  7 |
---------------+----------------------+-----
Spellcasting   | 5 6 7 |  7.9
Conjurations   | 2 3 |  3.8
Fighting       | 1 2 |  2.0
Armour         | 1 |  1.0
Fire Magic     | 1 2 |  2.4
Dodging        | 3 |  3.0
Air Magic      | 1 |  1.0
Stealth        | 3 |  3.0
Poison Magic   | 1 |  1.0
Summonings     | |  1.1
Translocations | |  1.1

Action                   |  1- 3 |  4- 6 |  7- 9 || total
-------------------------+-------+-------+-------++-------
Melee: Dagger            |    34 |    65 |    11 ||   110
 Cast: Magic Dart        |   115 |   123 |    17 ||   255
       Mephitic Cloud    |     1 |    13 |     6 ||    20
       Blink             |       |     8 |     5 ||    13
       Call Imp          |       |     4 |     4 ||     8
       Conjure Flame     |       |     6 |     1 ||     7
  Use: Potion            |       |     1 |       ||     1
 Stab: Sleeping          |     1 |     2 |       ||     3
       Confused          |     1 |     5 |       ||     6
Armor: Robe              |    15 |    10 |       ||    25
       Leather armour    |       |       |     1 ||     1
Dodge: Dodged            |    36 |    62 |    14 ||   112

Table legend: (Time is in decaauts)
 A = Elapsed time spent in this place.
 B = Non-inter-level travel time spent in this place.
 C = Inter-level travel time spent in this place.
 D = Time resting spent in this place.
 E = Time spent auto-exploring this place.
 F = Levels seen in this place.
 G = Mean time per level.
                   A        B        C        D        E       F      G
               +--------+--------+--------+--------+--------+-----+--------+
         Total |   6219 |   6160 |     59 |    480 |   4748 |   5 | 1243.8 |
       Dungeon |   6219 |   6160 |     59 |    480 |   4748 |   5 | 1243.8 |
               +--------+--------+--------+--------+--------+-----+--------+

Top non-repeatable levels by time:
     D:4: 2004 daAuts
     D:1: 1526 daAuts
     D:3: 1305 daAuts
     D:2: 1232 daAuts
     D:5: 150 daAuts
